 Dungeon Crawl Stone Soup version 0.22-a0-824-g1ca9aab89c (webtiles) character file.

17 Htamos the Magician (level 2, -1/20 HPs)
             Began as a Mummy Wizard on July 24, 2018.
             Slain by a kobold
             ... wielding a +0 short sword
              (2 damage)
             ... on level 2 of the Dungeon.
             The game lasted 00:06:36 (1942 turns).

Htamos the Magician (Mummy Wizard)                  Turns: 1942, Time: 00:06:37

Health: -1/20      AC:  2    Str: 10    XL:     2   Next: 44%
Magic:  0/7        EV: 12    Int: 17    God:
Gold:   48         SH:  0    Dex: 10    Spells: 8/9 levels left

rFire    x . .     SeeInvis .   e - +0 short sword
rCold    + . .     Gourm    .   (no shield)
rNeg     + + +     Faith    .   a - +0 robe
rPois    ∞         Spirit   .   b - +0 hat
rElec    .         Reflect  .   (no cloak)
rCorr    .         Harm     .   (no gloves)
MR       .....                  (no boots)
Stlth    ++........             (no amulet)
HPRegen  0.06/turn              (no ring)
MPRegen  0.10/turn              (no ring)

@: no status effects
A: no food or potions, fire vulnerability, cold resistance 1, negative energy
resistance 3, torment resistance, unbreathing
a: no special abilities


You were on level 2 of the Dungeon.
You were not hungry.

You visited 1 branch of the dungeon, and saw 3 of its levels.

You collected 48 gold pieces.

Inventory:

Hand Weapons
 c - a +0 club
 e - a +0 short sword (weapon)
Missiles
 h - 65 stones (quivered)
Armour
 a - a +0 robe (worn)
 b - a +0 hat (worn)
 d - a +0 plate armour
 g - a +0 ring mail
Jewellery
 l - a +3 ring of dexterity {unknown}
 m - an uncursed ring of magical power {unknown}
Scrolls
 f - 2 scrolls of fog
 i - a scroll of enchant armour {unknown}
 j - a scroll of immolation {unknown}
 k - a scroll of enchant weapon {unknown}


   Skills:
 + Level 0.3 Fighting
 - Level 1.6 Dodging
 - Level 1.6 Stealth
 + Level 4.2 Spellcasting
 * Level 1.6 Conjurations
   Level 0.7 Summonings
   Level 0.7 Translocations


You had 8 spell levels left.
You knew the following spells:

 Your Spells              Type           Power        Failure   Level  Hunger
a - Magic Dart            Conj           #...         8%          1    N/A

Your spell library contained the following spells:

 Spells                   Type           Power        Failure   Level  Hunger
 Conjure Flame            Conj/Fire      #.......     32%         3    N/A
 Slow                     Hex            #.......     24%         2    N/A
 Mephitic Cloud           Conj/Pois/Air  #.......     36%         3    N/A
 Blink                    Tloc           N/A          17%         2    N/A
 Call Imp                 Summ           #.......     17%         2    N/A

Dungeon Overview and Level Annotations

Branches:
Dungeon (3/15)

Altars:


Innate Abilities, Weirdness & Mutations

You do not eat or drink.
Your flesh is vulnerable to fire.
You are immune to poison.
Your flesh is cold resistant. (rC+)
You are immune to negative energy. (rN+++)
You are immune to unholy pain and torment.
You can survive without breathing.


Message History

Aiming: Magic Dart (safe; 8% risk of failure)
Press: ? - help, Shift-Dir - straight line, f/p - kobold
Aim: a kobold, wielding a short sword The magic dart hits the kobold.
The kobold is moderately wounded.
* * * LOW MAGIC WARNING * * *
The kobold hits you but does no damage. The adder bites you but does no damage.
The rat bites you but does no damage.
Casting: Magic Dart (safe; 8% risk of failure)
Confirm with . or Enter, or press ? or * to list all spells.
Aiming: Magic Dart (safe; 8% risk of failure)
Press: ? - help, Shift-Dir - straight line, f/p - kobold
Aim: a kobold, wielding a short sword (moderately wounded)
The magic dart hits the kobold.
The kobold is moderately wounded.
* * * LOW MAGIC WARNING * * *
The adder bites you.
* * * LOW HITPOINT WARNING * * *
The kobold hits you with a short sword.
You die...

#### #...##
.....% ....## ..
# #...# !.
#...#..s########
.. #...K@r.../..
..
#...#..S###.####
.? # #...# ..
...... ..
...#.... #
...#[###.# .....
.# #.##. ##


You could see an adder, a giant cockroach, a kobold and a rat.

Vanquished Creatures
  A giant cockroach (D:1)
  2 goblins (D:1)
  3 hobgoblins
  A quokka (D:1)
  3 bats
  3 kobolds
  4 rats (D:1)
17 creatures vanquished.

Notes
Turn   | Place    | Note
-------+----------+-------------------------------------------
     0 | D:1      | Htamos the Mummy Wizard began the quest for the Orb.
     0 | D:1      | Reached XP level 1. HP: 13/13 MP: 5/5
   166 | D:1      | Reached skill level 1 in Conjurations
   731 | D:1      | Reached XP level 2. HP: 19/19 MP: 2/7
  1942 | D:2      | HP: 1/20 [adder (1)]
  1942 | D:2      | Slain by a kobold

Vault maps used:
D:1:      mrwooster_arrival_statue_2, nrook_loot_triangle
D:2:      led_sif_pool, minmay_distorted
D:3:      lightli_temple_of_fire, gammafunk_temple_overflow_elements

Skill      XL: |  1 |
---------------+----+-----
Conjurations   | 1 |  1.6
Fighting       | |  0.3
Dodging        | |  1.6
Stealth        | |  1.6
Spellcasting   | |  4.2
Summonings     | |  0.7
Translocations | |  0.7

Action                   || total
-------------------------++-------
Melee: Club              ||    10
       Short sword       ||     2
 Cast: Magic Dart        ||    53
  Use: Scroll            ||     1
Armor: Robe              ||    16
Dodge: Dodged            ||    43

Table legend:
 A = Spawn XP
 B = Non-spawn XP
 C = Spawn XP percentage of total XP
 D = Spawn monster count
 E = Non-spawn monster count
 F = Spawn count percentage of total count
 G = Total turns spent on level
                    A         B        C        D         E        F      G
               +---------+---------+-------+---------+---------+-------+---------
         Total |       0 |      25 |   0.0 |       0 |      17 |   0.0 |  1942
               +---------+---------+-------+---------+---------+-------+---------
           D:1 |       0 |      19 |   0.0 |       0 |      13 |   0.0 |  1704
           D:2 |       0 |       6 |   0.0 |       0 |       4 |   0.0 |   213
               +---------+---------+-------+---------+---------+-------+---------
